 Dungeon Crawl Stone Soup version 0.30-a0-439-g9e77e4d916 (webtiles) character file.

Game seed: 14213759066330841360

47453 experimilk the Devastator (level 14, 0/93 HPs)
             Began as a Grey Draconian Conjurer on Dec 10, 2022.
             Was an Elder of Vehumet.
             Slain by a seven-headed hydra (5 damage)
             ... on level 5 of the Lair of Beasts.
             The game lasted 01:26:25 (24140 turns).

experimilk the Devastator (DrCj)                   Turns: 24140, Time: 01:26:27

Health: 0/93       AC: 19    Str: 10    XL:     14   Next: 8%
Magic:  4/29       EV: 12    Int: 23    God:    Vehumet [****..]
Gold:   98         SH:  0    Dex: 10    Spells: 6/35 levels left

rFire   + . .      SeeInvis .    C - +2 trident (vamp)
rCold   + . .      Faith    .    R - orb {light}
rNeg    . . .      Spirit   .    (body armour unavailable)
rPois   +          Reflect  .    W - +0 hat
rElec   .          Harm     .    v - scarf {rC+ rF+}
rCorr   .          Rampage  .    y - +2 pair of gloves
Will    +....                    x - +2 pair of boots
Stlth   +.........               K - amulet of magic regeneration
HPRegen 0.35/turn                q - ring of flight
MPRegen 0.61/turn                G - ring of poison resistance

@: flying, glowing, unable to drink
A: AC +13, amphibious, unfitting armour, cold-blooded, inability to drink after
injury 1, MP-powered wands
a: Renounce Religion


You were on level 5 of the Lair of Beasts.
You worshipped Vehumet.
Vehumet was greatly pleased with you.
You visited 3 branches of the dungeon, and saw 18 of its levels.
You also visited: Gauntlet.

You collected 977 gold pieces.
You spent 879 gold pieces at shops.

Inventory:

Hand Weapons
 c - a +0 short sword
 w - a +2 whip of freezing
 z - a +1 dagger of flaming
 C - a +2 vampiric trident (weapon)
 H - a +2 vorpal war axe
Missiles
 B - a throwing net
Armour
 k - a +2 cloak
 v - a scarf of resistance (worn)
 x - a +2 pair of boots (worn)
 y - a +2 pair of gloves (worn)
 R - an orb of light (worn)
 W - a +0 hat (worn)
Magical Staves
 Q - a staff of earth
Jewellery
 q - a ring of flight (left hand)
 A - an amulet of regeneration
 G - a ring of poison resistance (right hand)
 K - an amulet of magic regeneration (around neck)
 M - a ring of resist corrosion
Wands
 o - a wand of polymorph (10)
 D - a wand of roots (9)
 F - a wand of mindburst (2)
 N - a wand of paralysis (14)
 S - a wand of flame (8)
 X - a wand of digging (6)
Scrolls
 d - 5 scrolls of blinking
 f - 3 scrolls of immolation
 g - 4 scrolls of fog
 i - 8 scrolls of teleportation
 j - 2 scrolls of amnesia
 l - 2 scrolls of magic mapping
 m - 3 scrolls of vulnerability
 n - a scroll of fear
 p - 5 scrolls of enchant weapon
 r - a scroll of enchant armour
 t - 4 scrolls of poison
 U - 4 scrolls of identify
Potions
 a - 3 potions of resistance
 b - 2 potions of invisibility
 e - 14 potions of curing
 h - 4 potions of flight
 u - 2 potions of attraction
 E - a potion of might
 L - a potion of mutation
 O - a potion of ambrosia
 P - 4 potions of brilliance
 T - a potion of haste
 V - a potion of cancellation
Miscellaneous
 I - a phantom mirror
 J - a box of beasts (inert)


   Skills:
 - Level 3.0 Dodging
 - Level 1.7 Stealth
 + Level 11.4 Spellcasting
 - Level 15.0 Conjurations
 - Level 3.0 Translocations
 - Level 12.0 Ice Magic
 - Level 12.0 Earth Magic
 - Level 2.1 Evocations


You had 6 spell levels left.
You knew the following spells:

 Your Spells              Type           Power      Damage    Failure   Level
a - Ozocubu's Refrigerat  Ice            31%        4d14      9%          7
c - Borgnjor's Vile Clut  Necr/Erth      20%        N/A       12%         5
p - Magic Dart            Conj           100%       1d8       0%          1
q - Ozocubu's Armour      Ice            62%        N/A       1%          3
v - Stone Arrow           Conj/Erth      100%       3d13      1%          3
x - Iskenderun's Mystic   Conj/Tloc      53%        2d11      1%          4
z - Iron Shot             Conj/Erth      33%        9d7       1%          6

Your spell library contained the following spells:

 Spells                   Type           Power      Damage    Failure   Level
 Lee's Rapid Deconstruct  Erth           31%        3d16*     1%          5
 Searing Ray              Conj           100%       2d8       0%          2
 Freeze                   Ice            100%       1d10      1%          1
 Dazzling Flash           Conj/Hex       94%        N/A       1%          3
 Frozen Ramparts          Ice            100%       1d16      1%          3
 Hailstorm                Conj/Ice       66%        3d14      1%          3
 Mephitic Cloud           Conj/Pois/Air  36%        N/A       1%          3
 Fulminant Prism          Conj/Hex       23%        3d12      1%          4
 Beastly Appendage        Tmut           26%        N/A       4%          1
 Call Imp                 Summ           13%        N/A       8%          2
 Wereblood                Tmut           13%        N/A       8%          2
 Starburst                Conj/Fire      23%        6d8       10%         6
 Spider Form              Tmut/Pois      13%        N/A       14%         3
 Animate Dead             Necr           13%        N/A       43%         4
 Statue Form              Tmut/Erth      26%        N/A       54%         6
 Blade Hands              Tmut           6%         N/A       80%         5
 Death Channel            Necr           6%         N/A       100%        6
 Lehudib's Crystal Spear  Conj/Erth      33%        10d8      30%         8
 Animate Armour           Summ/Erth      Unusable   N/A       N/A         4

Dungeon Overview and Level Annotations

Branches:
Dungeon (12/15)            Temple (1/1) D:6            Lair (5/5) D:9
  Swamp (0/4) Lair:3       Spider (0/4) Lair:3        Slime (0/5) Lair:4
Gauntlet (visited)
    Orc: D:9-12

Altars:
Ashenzari
Cheibriados
Dithmenos
Elyvilon
Fedhas
Gozag
Hepliaklqana
Kikubaaqudgha
Makhleb
Nemelex Xobeh
Okawaru
Qazlal
Ru
Sif Muna
Trog
Uskayaw
Vehumet
Wu Jian
Xom
Yredelemnul
Zin
The Shining One
Jiyva

Shops:
D:4 [   D:5 **   D:6 *:(   D:11 :

Annotations:
D:9 2 transporters, DrKenneth's ghost, novice MiFi


Innate Abilities, Weirdness & Mutations

Your dull iron-grey scales are very hard. (AC +13)
You are amphibious.
You cannot fit into any form of body armour.
You are cold-blooded and may be slowed by cold attacks.
You occasionally lose the ability to drink potions when taking damage.
You expend magic power (3 MP) to strengthen your wands.


Message History

The seven-headed hydra bites you!
The seven-headed hydra bites you but does no damage.
The seven-headed hydra barely misses you.
The seven-headed hydra bites you.
You hear a howl!
You open the lid... ...and a larval oxsting beast leaps out!
The box is emptied!
The cane toad stings you!
The seven-headed hydra bites you but does no damage. x4
The seven-headed hydra bites you. x2; The seven-headed hydra bites you!
Unknown command.
You completely miss the cane toad.
The cane toad is severely wounded.
The cane toad closely misses you. The seven-headed hydra bites you.
The seven-headed hydra bites you but does no damage.
The seven-headed hydra closely misses you.
The seven-headed hydra bites you but does no damage.
The seven-headed hydra bites you.
The seven-headed hydra bites you but does no damage. x2
Your larval oxsting beast hits the cane toad!
Your larval oxsting beast tramples the cane toad but does no damage.
Your larval oxsting beast stings the cane toad but does no damage.
The cane toad stings your larval oxsting beast!!
Your larval oxsting beast dies!
Your larval oxsting beast's corpse disappears in a puff of smoke!
The cane toad croaks.
You hit the cane toad.
The cane toad is almost dead.
The cane toad stings you but does no damage.
The seven-headed hydra bites you but does no damage.
The seven-headed hydra bites you!
* * * LOW HITPOINT WARNING * * *
The seven-headed hydra bites you!
You feel threatened and lose the ability to drink potions!
* * * LOW HITPOINT WARNING * * *
The seven-headed hydra bites you but does no damage.
The seven-headed hydra bites you.
* * * LOW HITPOINT WARNING * * *
The seven-headed hydra bites you.
You die...

.♣ ##...## ##..........
..♣ #.....#####.........
♣..# #....##.###........#
...†##...................
♣...†....................
♣........................
♣.....†...##...#........#
♣♣#.##.D..##.###....###.#
##.@######....######
#..F.#. ##....#.8..#
#.....Y##.#..#.#.....†
♣..............#8†<÷..
♣♣.......P.......†....
♣###.##........#.8.## ###
##......#####
#...........##
##.........###


You could see a seven-headed hydra, an elephant and a cane toad.

Vanquished Creatures
  Rupert (Lair:3)
  Gastronok (Lair:3)
  A minotaur (Gauntlet)
  A ghost crab (Gauntlet)
  2 catoblepae
  2 hydras
  2 two-headed ogres (D:10)
  4 death yaks (Lair:4)
  2 bog bodies (Lair:3)
  Pikel (D:5)
  A lindwurm (Lair:5)
  A necromancer (Lair:4)
  24 elephants
  5 black mambas
  A torpor snail (Lair:2)
  A gargoyle (D:11)
  8 cane toads
  A smoke demon (Gauntlet)
  9 komodo dragons
  2 rime drakes
  A kobold demonologist (D:11)
  2 polar bears
  5 trolls
  A hornet (Lair:5)
  11 blink frogs
  A wraith (D:10)
  48 yaks
  3 wyverns
  4 basilisks
  A chaos spawn (Gauntlet)
  4 redbacks (Lair:3)
  A neqoxec (Gauntlet)
  17 water moccasins
  Duvessa (D:7)
  4 acid dragons
  2 orc warriors
  2 black bears
  13 wolves
  2 centaurs
  A phantom (D:5)
  4 kobold brigands
  13 bullfrogs
  2 gnoll sergeants
  3 scorpions
  Dowan (D:7)
  4 killer bees (D:9)
  3 electric eels (D:9)
  A howler monkey (D:6)
  2 crimson imps (Gauntlet)
  3 jellies
  9 hounds
  A gnoll bouda (D:9)
  8 orc priests
  Ijyb (D:3)
  Terence (D:3)
  6 iguanas
  9 orc wizards
  2 polar bear simulacra (Lair:4)
  2 yak simulacra (Lair:4)
  3 wolf simulacra (Lair:4)
  24 gnolls
  An adder (D:4)
  A shadow imp (D:6)
  3 white imps
  An ufetubus (D:6)
  2 dart slugs
  28 orcs
  2 bats (D:1)
  5 endoplasms
  A giant cockroach (D:2)
  5 goblins
  5 hobgoblins
  3 jackals (D:1)
  5 quokkas
  3 ball pythons
  20 kobolds
  3 rats
  4 river rat simulacra (Lair:4)
388 creatures vanquished.

Vanquished Creatures (others)
  28 fungi
  25 plants
53 creatures vanquished.

Grand Total: 441 creatures vanquished

Notes
Turn   | Place    | Note
-------+----------+-------------------------------------------
     0 | D:1      | experimilk the Draconian Conjurer began the quest for the
                  | Orb.
     0 | D:1      | Reached XP level 1. HP: 14/14 MP: 3/3
   294 | D:1      | Reached XP level 2. HP: 20/20 MP: 1/5
   297 | D:1      | Learned a level 2 spell: Searing Ray
  1210 | D:2      | Reached skill level 5 in Conjurations
  1210 | D:2      | Reached XP level 3. HP: 26/26 MP: 0/6
  1285 | D:2      | HP: 1/26 [iguana (5)]
  1289 | D:2      | Reached XP level 4. HP: 3/33 MP: 2/7
  2287 | D:3      | Learned a level 4 spell: Iskenderun's Mystic Blast
  2364 | D:3      | Noticed Terence
  2381 | D:3      | Killed Terence
  2382 | D:3      | Reached skill level 6 in Conjurations
  2701 | D:3      | Noticed Ijyb
  2713 | D:3      | Killed Ijyb
  2714 | D:3      | Reached XP level 5. HP: 34/38 MP: 0/8
  2795 | D:3      | You fall into a shaft and drop 1 floor!
  2947 | D:4      | Found a shadowy altar of Dithmenos.
  3266 | D:4      | Reached skill level 7 in Conjurations
  3479 | D:4      | Reached XP level 6. HP: 45/45 MP: 0/9
  3561 | D:4      | Found Margaret's Dragon-Slaying Spoils.
  4025 | D:5      | Entered Level 5 of the Dungeon
  4192 | D:5      | Reached skill level 8 in Conjurations
  4384 | D:5      | Found Vas Ocec's General Store.
  4386 | D:5      | Noticed a water moccasin
  4392 | D:5      | Killed a water moccasin
  4393 | D:5      | Your scales start taking on a dull iron-grey colour.
  4393 | D:5      | Reached XP level 7. HP: 50/50 MP: 4/10
  4438 | D:5      | Found Hisijal's Specific Store.
  4450 | D:5      | Bought a +1 pair of boots for 126 gold pieces
  4450 | D:5      | Bought a potion of degeneration for 11 gold pieces
  4457 | D:5      | Found a bloodstained altar of Trog.
  4457 | D:5      | Found a white marble altar of Elyvilon.
  4457 | D:5      | Found a glowing golden altar of the Shining One.
  4460 | D:5      | Found a burning altar of Makhleb.
  4462 | D:5      | Found an opulent altar of Gozag.
  4464 | D:5      | Found a stormy altar of Qazlal.
  4464 | D:5      | Found a basalt altar of Yredelemnul.
  4465 | D:5      | Found a sparkling altar of Nemelex Xobeh.
  4469 | D:5      | Reached skill level 9 in Conjurations
  4500 | D:5      | Found a blossoming altar of Fedhas.
  4504 | D:5      | Found an ornate altar of the Wu Jian Council.
  4505 | D:5      | Found a hazy altar of Hepliaklqana.
  5174 | D:5      | Noticed Pikel
  5200 | D:5      | Killed Pikel
  5201 | D:5      | Reached skill level 10 in Conjurations
  5201 | D:5      | Reached XP level 8. HP: 48/57 MP: 1/12
  5846 | D:6      | Found Loti's Book Boutique.
  5954 | D:6      | Found Umethryki's General Store.
  6060 | D:5      | Reached skill level 11 in Conjurations
  6348 | D:6      | Bought a scroll of identify for 30 gold pieces
  6363 | D:6      | Found a staircase to the Ecumenical Temple.
  6389 | Temple   | Entered the Ecumenical Temple
  6529 | Temple   | Became a worshipper of Vehumet
  7080 | D:6      | Found Pomysida's Weapon Shoppe.
  7723 | Temple   | Reached XP level 9. HP: 62/62 MP: 1/13
  8134 | D:6      | Reached skill level 12 in Conjurations
  8523 | D:6      | Found a shimmering altar of Xom.
  8939 | D:7      | Found the +7 Kryia's mail coat {PotionHeal*2 rC+}
  9035 | D:7      | Reached skill level 1 in Translocations
  9650 | D:7      | Noticed Duvessa
  9650 | D:7      | Noticed Dowan
  9656 | D:7      | Killed Duvessa
  9658 | D:7      | Killed Dowan
 10048 | D:8      | Reached * piety under Vehumet
 10048 | D:8      | Offered knowledge of Freeze by Vehumet.
 10437 | D:6      | Learned a level 1 spell: Freeze
 11311 | D:6      | Bought a book of Frost for 280 gold pieces
 11357 | D:9      | Learned a level 3 spell: Frozen Ramparts
 11361 | D:9      | Learned a level 3 spell: Ozocubu's Armour
 11411 | D:9      | Noticed a troll
 11418 | D:9      | Killed a troll
 11419 | D:9      | Reached skill level 1 in Ice Magic
 11472 | D:9      | Reached skill level 13 in Conjurations
 11834 | D:9      | Noticed a troll
 11842 | D:9      | Reached XP level 10. HP: 52/69 MP: 2/17
 12282 | D:9      | Reached skill level 5 in Spellcasting
 12362 | D:9      | Learned a level 3 spell: Hailstorm
 12366 | D:9      | Found a staircase to the Lair.
 12780 | D:9      | Found a transporter.
 12782 | D:9      | Noticed a two-headed ogre
 12785 | D:9      | Found a bloodstained altar of Trog.
 12785 | D:9      | Noticed a two-headed ogre
 12786 | D:9      | Noticed a moth of wrath
 12787 | D:9      | Noticed DrKenneth's ghost (novice MiFi)
 12788 | D:9      | Noticed a deep troll
 12790 | D:9      | Offered knowledge of Shock by Vehumet.
 12795 | D:9      | Reached ** piety under Vehumet
 12926 | D:9      | Found a transporter.
 13151 | D:10     | Entered Level 10 of the Dungeon
 13161 | D:10     | Reached skill level 14 in Conjurations
 13508 | D:10     | Noticed a two-headed ogre
 13515 | D:10     | Killed a two-headed ogre
 14028 | D:10     | Noticed a two-headed ogre
 14035 | D:10     | Reached skill level 15 in Conjurations
 14039 | D:10     | Reached XP level 11. HP: 53/74 MP: 3/20
 14041 | D:10     | Killed a two-headed ogre
 14311 | D:10     | Learned a level 7 spell: Ozocubu's Refrigeration
 14346 | D:11     | Offered knowledge of Kindle Blastsparks by Vehumet.
 14501 | D:11     | Found Qiogg's Book Emporium.
 14712 | D:11     | Reached skill level 5 in Ice Magic
 14818 | D:11     | Reached *** piety under Vehumet
 15728 | D:12     | Noticed a wizard
 15728 | D:12     | Noticed an orc knight
 15728 | D:12     | Noticed a centaur warrior
 15767 | Lair:1   | Entered Level 1 of the Lair of Beasts
 15812 | Lair:1   | Offered knowledge of Sticky Flame by Vehumet.
 15841 | Lair:1   | Found a gate leading to a gauntlet.
 15849 | Gauntlet | Entered a Gauntlet
 15849 | Gauntlet | Found a transporter.
 15919 | Gauntlet | Found the +5 demon whip "Spellbinder" {antimagic, Will+}
 15921 | Gauntlet | Noticed a death scarab
 15928 | Gauntlet | Found a transporter.
 15945 | Gauntlet | Found a transporter.
 15950 | Gauntlet | Found a transporter.
 15955 | Gauntlet | Found a transporter.
 15972 | Gauntlet | Found a transporter.
 15991 | Gauntlet | Found a transporter.
 16003 | Gauntlet | Found a transporter.
 16003 | Gauntlet | Noticed an obsidian statue
 16015 | Gauntlet | Found a transporter.
 16019 | Gauntlet | Noticed a hell beast
 16023 | Gauntlet | Noticed a ghost crab
 16027 | Gauntlet | Found a transporter.
 16036 | Gauntlet | Noticed a thrashing horror
 16038 | Gauntlet | Noticed a thrashing horror
 16039 | Gauntlet | Found a transporter.
 16057 | Gauntlet | Found a transporter.
 16074 | Gauntlet | Found a transporter.
 16076 | Gauntlet | Found a transporter.
 16078 | Gauntlet | Found a runed translucent gate.
 16078 | Gauntlet | Found a runed translucent gate.
 16078 | Gauntlet | Found a runed translucent gate.
 16079 | Gauntlet | Found a large runed translucent door.
 16079 | Gauntlet | Found a large runed translucent door.
 16081 | Gauntlet | Found a large runed translucent door.
 16082 | Gauntlet | Found a large runed translucent door.
 16087 | Gauntlet | Found a large runed translucent door.
 16087 | Gauntlet | Found a large runed translucent door.
 16088 | Gauntlet | Found a large runed translucent door.
 16088 | Gauntlet | Found a large runed translucent door.
 16091 | Gauntlet | Found a large runed translucent door.
 16091 | Gauntlet | Found a large runed translucent door.
 16091 | Gauntlet | Found a runed translucent door.
 16091 | Gauntlet | Found a runed translucent door.
 16092 | Gauntlet | Found a large runed translucent door.
 16093 | Gauntlet | Found a large runed translucent door.
 16103 | Gauntlet | Found a large runed translucent door.
 16103 | Gauntlet | Found a large runed translucent door.
 16104 | Gauntlet | Found a large runed translucent door.
 16105 | Gauntlet | Found a large runed translucent door.
 16107 | Gauntlet | Found a transporter.
 16109 | Gauntlet | Found a transporter.
 16111 | Gauntlet | Found a transporter.
 16182 | Gauntlet | Found a transporter.
 16277 | Gauntlet | Gained mutation: You expend magic power (3 MP) to
                  | strengthen your wands. [a neqoxec]
 16283 | Gauntlet | Gained mutation: You occasionally lose the ability to drink
                  | potions when taking damage. [a neqoxec]
 16402 | Gauntlet | Killed a ghost crab
 16403 | Gauntlet | Reached skill level 1 in Evocations
 16647 | Gauntlet | Noticed a minotaur
 16656 | Gauntlet | Killed a minotaur
 16682 | Gauntlet | Got the Discursus on Transforming Heat
 16729 | Lair:1   | Reached **** piety under Vehumet
 16874 | Lair:1   | Learned a level 3 spell: Stone Arrow
 16924 | Lair:1   | Reached skill level 1 in Earth Magic
 16980 | Lair:1   | Reached XP level 12. HP: 81/81 MP: 15/24
 17070 | Lair:1   | Offered knowledge of Yara's Violent Unravelling by Vehumet.
 17139 | Lair:1   | Reached skill level 5 in Earth Magic
 18079 | Lair:2   | Identified a scroll of acquirement
 18080 | Lair:2   | Acquired a staff of earth
 18097 | Lair:2   | Noticed a catoblepas
 18105 | Lair:2   | Killed a catoblepas
 19177 | Lair:3   | Noticed Gastronok
 19196 | Lair:3   | Killed Gastronok
 19197 | Lair:3   | Reached skill level 10 in Earth Magic
 19707 | Lair:3   | Noticed Rupert
 19719 | Lair:3   | Killed Rupert
 19830 | Lair:3   | Found a hole to the Spider Nest.
 19874 | Lair:3   | Found a staircase to the Swamp.
 20012 | Lair:3   | Identified the +1 leather armour of the Devil's Advocate
                  | {Rampage *Slow Will++ Regen+}
 20225 | Lair:3   | Reached XP level 13. HP: 86/86 MP: 23/26
 21214 | D:11     | Bought a book of Iron for 432 gold pieces
 21457 | Lair:4   | Reached skill level 10 in Ice Magic
 22238 | Lair:4   | Reached skill level 10 in Spellcasting
 22268 | Lair:4   | Reached ***** piety under Vehumet
 22268 | Lair:4   | Offered knowledge of Lee's Rapid Deconstruction by Vehumet.
 22315 | Lair:4   | Found a staircase to the Slime Pits.
 22317 | Lair:4   | Found a viscous altar of Jiyva.
 22389 | Lair:5   | Entered Level 5 of the Lair of Beasts
 23424 | Lair:5   | Reached XP level 14. HP: 93/93 MP: 25/29
 23431 | Lair:5   | Learned a level 6 spell: Iron Shot
 23438 | Lair:5   | Learned a level 5 spell: Borgnjor's Vile Clutch
 24140 | Lair:5   | Slain by a seven-headed hydra

Illustrated notes

Levels and vault maps discovered:
D:1:      wheals_arrival_linesprint, layout_basic
D:2:      layout_basic
D:3:      layout_basic, uniq_ijyb, uniq_terence
D:4:      layout_loops_cross, nicolae_dithmenos_through_a_glass_darkly,
          nicolae_shop_dragon_depot, kennysheep_generic_room_6
D:5:      layout_loops_corners, nicolae_overflow_hallway_of_the_gods,
          nicolae_specific_store, uniq_pikel
D:6:      layout_basic, tgw_xom, minmay_temple_entry_waves, serial_shops,
          nicolae_shop_crystal, nicolae_stop_n_shop_1, shop
D:7:      wad_pebble_path, layout_basic, serial_glass, glass_columns_b,
          glass_columns_b, glass_columns_c, glass_columns_c, glass_columns_a,
          glass_columns_c, glass_columns_b, glass_columns_a, glass_columns_b,
          glass_columns_c, due_unseen_surprise, uniq_duvessa
D:8:      layout_basic, chequers_serial_rivers_micro_b
D:9:      layout_basic, erik_lair_island, gammafunk_ghost_wrathful_warriors
D:10:     layout_rooms
D:11:     layout_irregular_city, serial_shops, nicolae_shop_hallway_plus,
          grunt_decor_mini_mirrors, billiards_dpeg
D:12:     minmay_ambush_box, layout_layer_cave, david_orc_3, serial_glass,
          glass_columns_a, glass_columns_c
Temple:   nicolae_temple_bog_church
Lair:1:   layout_loops_ring, gauntlet_entry_generic, grunt_megastairs_4
Lair:2:   layout_regular_city, grunt_megastairs_5
Lair:3:   layout_cave_pods, skrybe_swamp_entry_bodies, spider_nest_entry_webs,
          minmay_holes, chequers_serial_rivers_room_b, uniq_rupert,
          uniq_gastronok
Lair:4:   layout_cave_pods, slime_entry_1, eino_house_with_fridge,
          lemuel_fruit_tree
Lair:5:   minmay_lair_end_enchanted_forest, layout_small_grid,
          grunt_megastairs_1, serial_bayou_shore_a, infiniplex_staircase_pool

Skill      XL: |  1  2  3  4  5  6  7  8  9 10 11 12 13 |
---------------+----------------------------------------+-----
Conjurations   | 5 6 7 8 10 11 13 15 | 15.0
Dodging        | 3 |  3.0
Spellcasting   | 3 4 6 8 9 11 | 11.4
Translocations | 3 |  3.0
Ice Magic      | 2 3 7 9 12 | 12.0
Evocations     | 2 |  2.1
Earth Magic    | 2 11 12 | 12.0
Stealth        | |  1.7

Action                   |  1- 3 |  4- 6 |  7- 9 | 10-12 | 13-15 || total
-------------------------+-------+-------+-------+-------+-------++-------
Melee: Dagger            |     6 |       |       |       |       ||     6
       Short sword       |    21 |    26 |    10 |       |       ||    57
       Tailslap          |     2 |     2 |    25 |    14 |    15 ||    58
       Punch             |     1 |     1 |       |       |       ||     2
       Unarmed           |       |     5 |       |       |       ||     5
       Whip              |       |       |   109 |       |       ||   109
       Trident           |       |       |    56 |    62 |    46 ||   164
       Staff             |       |       |       |     5 |       ||     5
 Cast: Magic Dart        |    45 |    33 |    94 |    72 |     6 ||   250
       Searing Ray       |     2 |    17 |    53 |    48 |       ||   120
       Iskenderun's Myst |       |       |    11 |    43 |    48 ||   102
       Frozen Ramparts   |       |       |     5 |    25 |     8 ||    38
       Hailstorm         |       |       |       |    34 |    13 ||    47
       Ozocubu's Armour  |       |       |       |     3 |     2 ||     5
       Stone Arrow       |       |       |       |   101 |   120 ||   221
       Iron Shot         |       |       |       |       |     7 ||     7
       Borgnjor's Vile C |       |       |       |       |     5 ||     5
       Ozocubu's Refrige |       |       |       |       |     4 ||     4
Evoke: Wand              |       |     2 |     3 |    10 |     1 ||    16
       Phantom mirror    |       |       |       |     1 |       ||     1
       Box of beasts     |       |       |       |     1 |     1 ||     2
  Use: Scroll            |     1 |     5 |    13 |    11 |     5 ||    35
       Potion            |     1 |     1 |     4 |     1 |     1 ||     8
Armor: Skin              |     7 |    15 |   228 |    81 |   132 ||   463
Dodge: Dodged            |    29 |    30 |   194 |    93 |   101 ||   447

Table legend: (Time is in decaauts)
 A = Elapsed time spent in this place.
 B = Non-inter-level travel time spent in this place.
 C = Inter-level travel time spent in this place.
 D = Time resting spent in this place.
 E = Time spent auto-exploring this place.
 F = Levels seen in this place.
 G = Mean time per level.
                   A        B        C        D        E       F      G
               +--------+--------+--------+--------+--------+-----+--------+
         Total |  24235 |  23012 |   1223 |   8786 |  11102 |  19 | 1275.5 |
       Dungeon |  14467 |  13634 |    833 |   4239 |   7624 |  12 | 1205.6 |
        Temple |   1472 |   1444 |     28 |   1301 |    117 |   1 | 1472.0 |
          Lair |   7438 |   7077 |    361 |   2848 |   3361 |   5 | 1487.6 |
      Gauntlet |    856 |    856 |      0 |    398 |      0 |   1 |  856.0 |
               +--------+--------+--------+--------+--------+-----+--------+

Top non-repeatable levels by time:
  Lair:4: 2589 daAuts
     D:5: 2046 daAuts
     D:9: 2014 daAuts
  Lair:3: 1801 daAuts
  Temple: 1472 daAuts
    D:11: 1471 daAuts
  Lair:1: 1417 daAuts
     D:2: 1324 daAuts
     D:6: 1272 daAuts
    D:10: 1243 daAuts
     D:8: 1207 daAuts
     D:7: 1187 daAuts
  Lair:2: 1148 daAuts
     D:4: 1138 daAuts
     D:1: 931 daAuts
